AoeStats
← bougiebirds

Black Forest

503953205Analyzed
2v2 RM · 1mo ago on Sep 3, 2026· 36m 17s· 4 players
Game mode
Random Map
Map size
Medium (4 player)
Population
200
Speed
Normal
Resources
Standard
Victory
Conquest
Starting age
Dark Age
Ending age
Imperial Age
RankedLock teamsTeams togetherTeam positionsShared explorationLock speedFull tech treeHidden civsTurbo modeCheats
Victory
Defeat
🇺🇸 Vietnamese · United States
1423
+20
🇺🇸 Khmer · United States
1312
+18
🇺🇸 Gurjaras · United States
1383
-17
🇨🇴 Japanese · Colombia
1325
-14
Head_Of_The_School
0:48 Loom
1:01 Loom
1:20 Loom
12:18 Feudal Age
15:54 Castle Age
14:52 Double-Bit Axe
15:40 Fletching
17:08 Horse Collar
19:51 Bow Saw
22:14 Fishing Lines
23:06 Fishing Lines
25:32 Bodkin Arrow
27:18 Gillnets
30:14 Imperial Age
28:53 Padded Archer Armor
30:04 Ballistics
30:30 Gillnets
30:55 Heavy Plow
30:57 Bracer
31:59 Chemistry
32:18 Two-Man Saw
32:40 Gold Mining
34:08 Wheelbarrow
35:09 Leather Archer Armor
bougiebirds
1:22 Loom
2:48 Loom
14:33 Feudal Age
15:32 Double-Bit Axe
18:30 Castle Age
18:43 Fishing Lines
24:25 Gold Mining
30:44 Devotion
31:11 Bow Saw
30:42 Horse Collar
33:10 Wheelbarrow
32:20 Town Watch
35:07 Heavy Plow
35:05 Stone Mining
35:52 Fletching
Tako龍
9:48 Loom
13:18 Feudal Age
15:30 Double-Bit Axe
17:48 Castle Age
16:40 Fletching
16:48 Horse Collar
18:38 Elite Skirmisher
26:46 Scale Barding Armor
28:28 Forging
35:38 Chain Barding Armor
36:29 Wheelbarrow
JairoElChigüi
2:05 Loom
11:49 Feudal Age
17:56 Castle Age
17:36 Double-Bit Axe
17:32 Horse Collar
18:59 Wheelbarrow
19:09 Bow Saw
21:27 Stone Mining
25:36 Fletching
27:59 Gold Mining
30:50 Heavy Plow
34:23 Imperial Age
32:35 Padded Archer Armor
33:40 Gold Shaft Mining
33:12 Bodkin Arrow
34:01 Leather Archer Armor
34:20 Hand Cart
33:52 Elite Skirmisher
34:38 Thumb Ring
35:30 Conscription
35:54 Bracer
36:50 Ring Archer Armor
37:22 Chemistry
36:44 Ballistics
Connection lost

Rejoining the realm…

Still unreachable

The connection could not be restored.

Session expired

The server has moved on; the page needs a fresh start.